 Dungeon Crawl Stone Soup version 0.30.1-4-g462c640d31 (webtiles) character file.

Game seed: 3308667742992462751

38 FishyPogo the Grave Robber (level 3, -1/26 HPs)
             Began as a Demonspawn Necromancer on Sept 16, 2023.
             Slain by Sigmund
             ... wielding a +2 scythe of venom
              (11 damage)
             ... on level 2 of the Dungeon.
             The game lasted 00:04:40 (1284 turns).

FishyPogo the Grave Robber (Demonspawn Necromancer) Turns: 1284, Time: 00:04:41

Health: -1/26      AC:  2    Str:  8    XL:     3   Next: 25%
Magic:  6/6        EV: 12    Int: 18    God:
Gold:   68         SH:  5    Dex: 13    Spells: 5/6 levels left

rFire   . . .        (no weapon)
rCold   . . .        (no shield)
rNeg    . . .        a - +0 robe
rPois   .            (no helmet)
rElec   .            (no cloak)
rCorr   .            (no gloves)
SInv    .            (no boots)
Will    .....        d - amulet of reflection
Stlth   ++           (no ring)
HPRegen 0.24/turn    (no ring)
MPRegen 0.10/turn

%: reflection
@: lethally poisoned (-1 -> -3), invisible
A: hooves 1, foul stench 1
a: no special abilities


You were on level 2 of the Dungeon.
You visited 1 branch of the dungeon, and saw 2 of its levels.

You collected 68 gold pieces.

Inventory:

Missiles
 c - 3 javelins
Armour
 a - a +0 robe (worn)
Jewellery
 d - an amulet of reflection (around neck)
Scrolls
 e - a scroll of identify {unknown}
 g - a scroll of noise {unknown}
 h - a scroll of immolation {unknown}
 j - a scroll of enchant weapon {unknown}
 k - a scroll of amnesia {unknown}


   Skills:
 + Level 1.3 Fighting
 - Level 2.0 Dodging
 - Level 2.0 Stealth
 - Level 2.0 Spellcasting
 * Level 5.1 Necromancy


You had 5 spell levels left.
You knew the following spells:

 Your Spells              Type           Power      Damage    Failure   Level
a - Necrotise             Necr           80%        1d8       2%          1

Your spell library contained the following spells:

 Spells                   Type           Power      Damage    Failure   Level
 Vampiric Draining        Necr           20%        2d7       6%          3
 Animate Dead             Necr           20%        N/A       22%         4
 Agony                    Necr           20%        N/A       52%         5


Dungeon Overview and Level Annotations

Branches:
Dungeon (2/15)

Altars:

Shops:
D:2 *

Annotations:
D:2 Sigmund


Innate Abilities, Weirdness & Mutations

You have large cloven feet.
You may rarely emit foul miasma when damaged in melee.


Message History

Confirm with . or Enter, or press ? or * to list all spells.
Aiming: Necrotise (safe; 2% risk of failure)
Press: ? - help, Shift-Dir - straight line, f/p - Sigmund
Aim: Sigmund, wielding a +2 scythe of venom and wearing a +1 robe of willpower (moderately wounded, chance to affect: 54%) Sigmund resists with significant effort.
You feel very sick.
Unknown command.
Casting: Necrotise (safe; 2% risk of failure)
Confirm with . or Enter, or press ? or * to list all spells.
Aiming: Necrotise (safe; 2% risk of failure)
Press: ? - help, Shift-Dir - straight line, f/p - Sigmund
Aim: Sigmund, wielding a +2 scythe of venom and wearing a +1 robe of willpower (moderately wounded, chance to affect: 54%) Sigmund writhes in agony.
You feel very sick. You block Sigmund's attack.
Casting: Necrotise (safe; 2% risk of failure)
Confirm with . or Enter, or press ? or * to list all spells.
Aiming: Necrotise (safe; 2% risk of failure)
Press: ? - help, Shift-Dir - straight line, f/p - Sigmund
Aim: Sigmund, wielding a +2 scythe of venom and wearing a +1 robe of willpower (heavily wounded, chance to affect: 54%) Sigmund resists with significant effort.
You feel sick. You block Sigmund's attack.
Unknown command.
Casting: Necrotise (safe; 2% risk of failure)
Confirm with . or Enter, or press ? or * to list all spells.
Aiming: Necrotise (safe; 2% risk of failure)
Press: ? - help, Shift-Dir - straight line, f/p - Sigmund
Aim: Sigmund, wielding a +2 scythe of venom and wearing a +1 robe of willpower (heavily wounded, chance to affect: 54%) Sigmund writhes in agony.
You feel sick.
Unknown command.
It was a potion of heal wounds.
You feel much better.
You feel sick. Sigmund gestures at you while chanting.
The puff of flame hits you.
It was a potion of invisibility.
You fade into invisibility!
You feel sick.
Sigmund hits you from afar with a +2 scythe of venom!
Magic courses through your body.
You feel sick.
Sigmund hits you from afar with a +2 scythe of venom!
You die...

#.......#...##)......
#.......#...##.......
#.......#...##.......
#...........##.....#.
####'###....++<....##
####.# #....##.....#
#....# #...........#
#.############.....#
#...@.# #.....#
#####.# #####'# @#
#≈...## .. #≈...# ###
#≈...# #≈...# #≈≈≈≈#
+#####


You could see Sigmund (unable to see you).

Vanquished Creatures
  An adder (D:2)
  A dart slug (D:2)
  An endoplasm (D:1)
  2 giant cockroaches (D:1)
  5 goblins
  A hobgoblin (D:1)
  3 jackals (D:1)
  2 quokkas
  4 ball pythons
  A bat (D:1)
  A frilled lizard (D:2)
  2 rats (D:1)
24 creatures vanquished.

Notes
Turn   | Place    | Note
-------+----------+-------------------------------------------
     0 | D:1      | FishyPogo the Demonspawn Necromancer began the quest for
                  | the Orb.
     0 | D:1      | Reached XP level 1. HP: 13/13 MP: 3/3
   370 | D:1      | Gained mutation: You may rarely emit foul miasma when
                  | damaged in melee. [demonic ancestry]
   370 | D:1      | Reached XP level 2. HP: 20/20 MP: 3/5
   740 | D:1      | Reached skill level 1 in Fighting
  1036 | D:2      | Reached skill level 5 in Necromancy
  1110 | D:2      | Found Qaigaum's General Store.
  1194 | D:2      | Gained mutation: You have large cloven feet. [demonic
                  | ancestry]
  1194 | D:2      | Reached XP level 3. HP: 26/26 MP: 2/6
  1275 | D:2      | Noticed Sigmund
  1284 | D:2      | Slain by Sigmund

Illustrated notes

Levels and vault maps discovered:
D:1:      psy_arrival_whirlpool, layout_loops_ring
D:2:      layout_basic, basic_altar, serial_shops, nicolae_shop_rolling_square,
          serial_rivers, chequers_serial_rivers_micro_a,
          chequers_serial_rivers_room_a, chequers_serial_rivers_micro_e,
          chequers_serial_rivers_micro_e, chequers_serial_rivers_large_a,
          moated_statue, uniq_sigmund

Skill      XL: |  1  2 |
---------------+-------+-----
Stealth        | 2 |  2.0
Dodging        | 2 |  2.0
Fighting       | 1 |  1.3
Necromancy     | 5 |  5.1
Spellcasting   | |  2.0

Action                     || total
---------------------------++-------
  Melee: Unarmed           ||    25
   Cast: Necrotise         ||    48
    Use: Potion            ||     3
 Armour: Robe              ||     3
  Dodge: Dodged            ||    18
  Block: Other             ||     9
